 Dungeon Sprint DCSS version 0.30-a0-50-gb2d611f6b1 (webtiles) character file.

Game seed: 12508999717638026122

2796 rocky1 the Basher (level 9, -13/95 HPs)
             Began as an Ogre Gladiator on Sept 5, 2022.
             Was a Priest of Okawaru.
             Killed from afar by a hell hog (37 damage)
             ... with a fireball
             ... in the Dungeon (Sprint VII: "The Pits").
             The game lasted 00:08:11 (2660 turns).

rocky1 the Basher (Ogre Gladiator)                  Turns: 2660, Time: 00:08:12

Health: -13/95     AC:  4    Str: 24    XL:     9   Next: 71%
Magic:  13/15      EV: 18    Int: 12    God:    Okawaru [***...]
Gold:   0          SH:  0    Dex: 19    Spells: 8/8 levels left

rFire   . . .      SeeInvis .    t - +2 morningstar of Victory {vorpal, *Noise Dex+6}
rCold   . . .      Faith    .    (no shield)
rNeg    . . .      Spirit   .    b - +0 robe
rPois   .          Reflect  .    c - +0 hat
rElec   .          Harm     .    u - +0 cloak
rCorr   .          Rampage  .    (gloves unavailable)
Will    .....      NoTele   +    (boots unavailable)
Stlth   +++.......               (no amulet)
HPRegen 0.25/turn                q - +3 ring of intelligence
MPRegen 0.14/turn                p - +3 ring of dexterity

@: heroic
A: large, unfitting armour, tough skin 1, frail 1
a: Renounce Religion, Heroism


You were in the Dungeon.
You worshipped Okawaru.
Okawaru was most pleased with you.
You visited 1 branch

Inventory:

Hand Weapons
 a - a +0 flail
 n - a +0 mace of protection
 t - the +2 morningstar of Victory (weapon) {vorpal, *Noise Dex+6}
   (You found it in the Dungeon)

   It inflicts extra damage upon your enemies.
   Dex:       It affects your dexterity (+6).
   *Noise:    It may make noises in combat.
 v - a +2 war axe of freezing
Missiles
 d - 3 throwing nets (quivered)
 e - 3 large rocks
 o - a curare-tipped dart
Armour
 b - a +0 robe (worn)
 c - a +0 hat (worn)
 u - a +0 cloak (worn)
Jewellery
 p - a +3 ring of dexterity (right hand)
 q - a +3 ring of intelligence (left hand)
Scrolls
 k - a scroll of blinking
 m - 5 scrolls of amnesia
Potions
 f - 6 potions of curing
 g - 12 potions of heal wounds
 h - 2 potions of haste
 i - 4 potions of magic
 l - 2 potions of invisibility
 r - a potion of brilliance
 s - a potion of might


   Skills:
 + Level 11.9(16.9) Fighting
 + Level 14.4(19.4) Maces & Flails
 + Level 3.4(8.4) Throwing
 + Level 2.1(7.1) Armour
 + Level 8.7(13.7) Dodging
 - Level 9.2 Invocations


You had 8 spell levels left.
You didn't know any spells.
Your spell library was empty.

Dungeon Overview and Level Annotations

Branches:
Dungeon (1/1)

Altars:
Ashenzari
Cheibriados
Dithmenos
Elyvilon
Fedhas
Gozag
Hepliaklqana
Kikubaaqudgha
Makhleb
Nemelex Xobeh
Okawaru
Qazlal
Ru
Sif Muna
Trog
Uskayaw
Vehumet
Wu Jian
Xom
Yredelemnul
Zin
The Shining One
Jiyva
Lugonu


Innate Abilities, Weirdness & Mutations

You are too large for most types of armour.
You have tough skin. (AC +1)
You are frail. (-10% HP)


Message History

There is an open door here.
You start waiting.
Done waiting.
There is an open door here.
There is an open door here.
You open the door.
A hell hog comes into view.
The hell hog squeals angrily.
The hell hog moves out of view.
A hell hog comes into view.
A hell hog comes into view.
The hell hog squeals angrily.
A shadow comes into view.
There is an open door here.
You gain the combat prowess of a mighty hero.
A deep troll comes into view.
The deep troll shouts!
The hell hog bites you!
There is an open door here.
You impale the hell hog!!
The hell hog is moderately wounded.
The hell hog bites you! The hell hog breathes fire at you.
The fireball explodes!
The fireball engulfs the hell hog.
The hell hog completely resists.
The fireball engulfs you!!
The fireball engulfs the hell hog.
The hell hog completely resists.
You feel much better. The hell hog bites you! The hell hog misses you.
Unknown command.
You puncture the hell hog!
The hell hog is severely wounded.
The hell hog breathes fire at you.
The fireball explodes!
The fireball engulfs you!!!
* * * LOW HITPOINT WARNING * * *
The fireball engulfs the hell hog.
The hell hog completely resists.
Unknown command.
You feel much better. The hell hog completely misses you.
The hell hog breathes fire at you.
The fireball explodes!
The fireball engulfs the hell hog.
The hell hog completely resists.
The fireball engulfs you!!!
You die...

.............#
...#..#......#
.............+
.............+
...#..#......#
.............#
'#####'†######
....##''##############
....##......#...@hhhT#
....##....###...###{..#
<...##...##.+...+ W..
....##..##..##'## .
....##..#..##...##
....##.{#..#.....#
######..+..'.....+
######..#..#.....#
..[[##..#..##...##


You could see 3 hell hogs, a deep troll and a shadow.

Vanquished Creatures
  A flayed ghost (D)
  A cyclops (D)
  A troll (D)
  A tyrant leech (D)
  A wyvern (D)
  A spriggan (D)
  A neqoxec (D)
  A redback (D)
  A warg (D)
  A water moccasin (D)
  A swamp drake (D)
  2 floating eyes (D)
  2 black bears (D)
  A phantom (D)
  A kobold brigand (D)
  A bullfrog (D)
  2 iguanas (D)
  3 river rats (D)
  2 orcs (D)
  A ball python (D)
  2 endoplasms (D)
  A goblin (D)
  4 jackals (D)
  A quokka (D)
  2 kobolds (D)
  2 rats (D)
38 creatures vanquished.

Notes
Turn   | Place    | Note
-------+----------+-------------------------------------------
     0 | D        | rocky1 the Ogre Gladiator began the quest for the Orb.
     0 | D        | Reached XP level 1. HP: 22/22 MP: 1/1
    14 | D        | Reached skill level 3 in Maces & Flails
    20 | D        | Found a bloodstained altar of Trog.
    20 | D        | Found a shimmering blue altar of Sif Muna.
    20 | D        | Found a viscous altar of Jiyva.
    20 | D        | Found a hazy altar of Hepliaklqana.
    20 | D        | Found an opulent altar of Gozag.
    21 | D        | Found a glowing golden altar of the Shining One.
    21 | D        | Found a glowing silver altar of Zin.
    21 | D        | Found a basalt altar of Yredelemnul.
    21 | D        | Found a shimmering altar of Xom.
    21 | D        | Found an ornate altar of the Wu Jian Council.
    21 | D        | Found a sacrificial altar of Ru.
    21 | D        | Found a stormy altar of Qazlal.
    21 | D        | Found an iron altar of Okawaru.
    21 | D        | Found a sparkling altar of Nemelex Xobeh.
    21 | D        | Found a burning altar of Makhleb.
    21 | D        | Found a blossoming altar of Fedhas.
    21 | D        | Found a white marble altar of Elyvilon.
    21 | D        | Found a shadowy altar of Dithmenos.
    21 | D        | Found a snail-covered altar of Cheibriados.
    24 | D        | Found a corrupted altar of Lugonu.
    24 | D        | Found a radiant altar of Vehumet.
    25 | D        | Found an ancient bone altar of Kikubaaqudgha.
    25 | D        | Found a hide-covered altar of Uskayaw.
    25 | D        | Found a broken altar of Ashenzari.
    29 | D        | Became a worshipper of Warmaster Okawaru
    73 | D        | Reached skill level 4 in Maces & Flails
    82 | D        | Reached XP level 2. HP: 26/29 MP: 2/2
    99 | D        | Reached skill level 5 in Maces & Flails
   337 | D        | Noticed a warg
   345 | D        | Killed a warg
   346 | D        | Reached skill level 9 in Maces & Flails
   346 | D        | Reached XP level 3. HP: 36/36 MP: 3/3
   346 | D        | Reached XP level 4. HP: 44/44 MP: 4/4
   346 | D        | Reached XP level 5. HP: 50/50 MP: 5/5
   606 | D        | Reached skill level 11 in Maces & Flails
   822 | D        | Noticed a phantom
   841 | D        | Killed a phantom
   841 | D        | Reached * piety under Okawaru
   842 | D        | Reached skill level 12 in Maces & Flails
   842 | D        | Reached XP level 6. HP: 45/59 MP: 6/6
  1017 | D        | Noticed a water moccasin
  1024 | D        | Killed a water moccasin
  1328 | D        | Noticed a black bear
  1328 | D        | Noticed a black bear
  1345 | D        | Reached skill level 5 in Fighting
  1345 | D        | Reached XP level 7. HP: 67/72 MP: 7/9
  1371 | D        | Reached skill level 5 in Dodging
  1371 | D        | Reached skill level 5 in Invocations
  1819 | D        | Noticed a cyclops
  1819 | D        | Noticed a wyvern
  1839 | D        | Killed a wyvern
  1840 | D        | Reached skill level 13 in Maces & Flails
  1843 | D        | Killed a cyclops
  1843 | D        | Reached ** piety under Okawaru
  1844 | D        | Reached XP level 8. HP: 92/92 MP: 10/13
  1882 | D        | Got the +2 morningstar of Victory {vorpal, *Noise Dex+6}
  2000 | D        | Noticed a tyrant leech
  2006 | D        | Noticed a troll
  2015 | D        | Killed a tyrant leech
  2019 | D        | Killed a troll
  2020 | D        | Reached skill level 10 in Fighting
  2020 | D        | Reached XP level 9. HP: 102/102 MP: 12/15
  2078 | D        | Noticed a flayed ghost
  2092 | D        | Killed a flayed ghost
  2092 | D        | Reached *** piety under Okawaru
  2093 | D        | Reached skill level 14 in Maces & Flails
  2521 | D        | Reached skill level 1 in Armour
  2541 | D        | Gained mutation: You are frail. (-10% HP) [a neqoxec]
  2652 | D        | Noticed a hell hog
  2653 | D        | Noticed a hell hog
  2653 | D        | Noticed a hell hog
  2656 | D        | Noticed a deep troll
  2660 | D        | Killed from afar by a hell hog

Illustrated notes

Levels and vault maps discovered:
D:        pitsprint [storerooms_1, entrance_room_1, metal_vault_6, armoury_3,
          mini_pit_1, grid_room_1, main_hall_1, silver_pit, the_coven_3,
          the_vestibule_1, steel_vault_5, golden_pit, hallway_of_sentries,
          crystal_vault_1, iron_vault_2, final_vault]

Skill      XL: |  1  2  3  4  5  6  7  8  9 |
---------------+----------------------------+-----
Maces & Flails | 4 9 12 13 14 | 14.4
Fighting       | 5 9 10 11 | 11.9
Dodging        | 4 6 7 8 |  8.7
Invocations    | 3 7 8 9 |  9.2
Armour         | 2 |  2.1
Throwing       | 3 |  3.4

Action                   |  1- 3 |  4- 6 |  7- 9 || total
-------------------------+-------+-------+-------++-------
Melee: Flail             |    39 |     1 |       ||    40
       Mace              |       |    72 |    45 ||   117
       Punch             |       |     3 |     3 ||     6
       Morningstar       |       |       |    54 ||    54
Invok: Heroism           |       |     2 |     6 ||     8
  Use: Potion            |     1 |       |     6 ||     7
Armor: Robe              |    13 |    27 |    29 ||    69
Dodge: Dodged            |    22 |    27 |    61 ||   110

Table legend: (Time is in decaauts)
 A = Elapsed time spent in this place.
 B = Non-inter-level travel time spent in this place.
 C = Inter-level travel time spent in this place.
 D = Time resting spent in this place.
 E = Time spent auto-exploring this place.
 F = Levels seen in this place.
 G = Mean time per level.
                   A        B        C        D        E       F      G
               +--------+--------+--------+--------+--------+-----+--------+
         Total |   2650 |   2583 |     67 |   2028 |      0 |   1 | 2650.0 |
       Dungeon |   2650 |   2583 |     67 |   2028 |      0 |   1 | 2650.0 |
               +--------+--------+--------+--------+--------+-----+--------+

Top non-repeatable levels by time:
       D: 2650 daAuts
